 Seeded DCSS version 0.28-a0-1429-gf3d713df7a (webtiles) character file.

Game seed: 901417003039931360 (custom seed)

9216 flotson the Fighter (level 11, 0/79 (88) HPs)
             Began as a Demonspawn Gladiator on Jan 8, 2022.
             Was an Initiate of Gozag.
             Killed from afar by Josephine (20 damage)
             ... with a ghostly fireball
             ... on level 9 of the Dungeon.
             The game lasted 00:19:51 (12969 turns).

flotson the Fighter (Demonspawn Gladiator)         Turns: 12969, Time: 00:19:53

HP:   0/79 (88)     AC: 11    Str: 20    XL:     11   Next: 20%
MP:   11/11         EV: 15    Int:  9    God:    Gozag
Gold: 1163          SH:  0    Dex: 14    Spells: 10/10 levels left

rFire   . . .      SeeInvis .   a - +5 mace (freeze)
rCold   . . .      Faith    .   h - orb {mayhem}
rNeg    . . .      Spirit   .   K - +3 leather armour
rPois   .          Reflect  .   G - +1 helmet
rElec   .          Harm     .   O - scarf {shadows}
rCorr   .          Rampage  .   (gloves unavailable)
Will    .....                   u - +0 pair of boots
Stlth   +.........              k - amulet of the acrobat
HPRegen 0.23/turn               (no ring)
MPRegen 0.12/turn               (no ring)

@: studying Transmutations, heavily drained
A: claws 3, rugged brown scales 1, demonic guardian 3, spiny 1
a: Renounce Religion, Potion Petition, Call Merchant, Bribe Branch


You were on level 9 of the Dungeon.
You worshipped Gozag.
Gozag was most pleased with you.
You visited 2 branches of the dungeon, and saw 11 of its levels.

You collected 1418 gold pieces.
You spent 204 gold pieces at shops.
You paid 51 gold pieces to Gozag.

Inventory:

Hand Weapons
 a - a +5 mace of freezing (weapon)
Missiles
 o - 44 poisoned darts (quivered)
 L - 4 boomerangs
 M - 4 javelins
Armour
 h - an orb of mayhem (worn)
 u - a +0 pair of boots (worn)
 G - a +1 helmet (worn)
 H - a scarf of resistance
 K - a +3 leather armour (worn)
 O - a scarf of shadows (worn)
Jewellery
 k - an amulet of the acrobat (around neck)
Wands
 b - a wand of iceblast (21)
 e - a wand of polymorph (4)
Scrolls
 c - a scroll of immolation {unknown}
 f - a scroll of torment {unknown}
 g - 2 scrolls of identify
 i - 2 scrolls of enchant armour {unknown}
 l - a scroll of vulnerability {unknown}
 q - a scroll of fog {unknown}
 r - a scroll of noise {unknown}
 s - 2 scrolls of fear
 y - 2 scrolls of summoning {unknown}
 A - a scroll of amnesia {unknown}
 D - a scroll of acquirement {unknown}
 E - a scroll of holy word {unknown}
 F - 3 scrolls of teleportation
 I - 2 scrolls of magic mapping {unknown}
 J - a scroll of brand weapon {unknown}
 N - a scroll of blinking
Potions
 m - 4 potions of curing
 n - a potion of ambrosia
 p - 3 potions of berserk rage
 t - a potion of brilliance {unknown}
 v - 2 potions of might
 w - a potion of magic {unknown}
 x - 2 potions of invisibility {unknown}
 z - 2 potions of lignification
 B - a potion of haste {unknown}
 C - 4 potions of heal wounds


   Skills:
 + Level 8.2 Fighting
 + Level 7.7 Axes
 + Level 7.5 Throwing
 + Level 7.1 Armour
 + Level 7.7 Dodging


You had 10 spell levels left.
You didn't know any spells.
Your spell library contained the following spells:

 Spells                   Type           Power      Damage    Failure   Level
 Beastly Appendage        Tmut           0%         N/A       43%         1
 Foxfire                  Conj/Fire      0%         2x1d4     43%         1
 Wereblood                Tmut           0%         N/A       56%         2
 Conjure Flame            Conj/Fire      0%         6-21      80%         3
 Inner Flame              Hex/Fire       0%         N/A       80%         3
 Spider Form              Tmut/Pois      0%         N/A       80%         3
 Flame Wave               Conj/Fire      0%         2d4       99%         4


Dungeon Overview and Level Annotations

Branches:
Dungeon (10/15)            Temple (1/1) D:5             Orc (0/2) D:9
   Lair: D:8-11

Altars:
Ashenzari
Cheibriados
Dithmenos
Elyvilon
Gozag
Hepliaklqana
Kikubaaqudgha
Makhleb
Nemelex Xobeh
Okawaru
Qazlal
Ru
Sif Muna
Trog
Vehumet
Wu Jian
Xom
Yredelemnul
Zin
The Shining One

Shops:
D:5 (   D:6 :   D:9 *

Annotations:
D:9 Josephine


Innate Abilities, Weirdness & Mutations

You have claws for hands.
You are partially covered in rugged brown scales. (AC +1, +3% HP)
A powerful demonic guardian rushes to your aid.
You are partially covered in sharp spines.


Message History

Josephine is heavily wounded.
Josephine struggles against the net.
You hit Josephine. You freeze Josephine.
Josephine is severely wounded.
Josephine struggles against the net.
The net rips apart, and Josephine comes free!
You hit Josephine. You freeze Josephine.
Josephine is severely wounded.
Josephine draws life force from you!!
Josephine is healed by the life force!
Throw: 2 throwing nets
Press: ? - help, Q - select action, (/) - cycle Shift-Dir - straight line, f/p - Josephine
Aim: Josephine, wielding a +2 dagger of speed and wearing a +0 robe (heavily wounded, 66% to hit)
You throw a throwing net.
The throwing net closely misses Josephine.
Josephine hits you with a +2 dagger of speed!
* * * LOW HITPOINT WARNING * * *
Throw: throwing net
Press: ? - help, Q - select action, (/) - cycle Shift-Dir - straight line, f/p - Josephine
Aim: Josephine, wielding a +2 dagger of speed and wearing a +0 robe (heavily wounded, 66% to hit)
You throw a throwing net. The throwing net hits Josephine.
Josephine is caught in the net!
Josephine is heavily wounded.
Josephine struggles against the net.
You barely miss Josephine.
Josephine is heavily wounded.
Josephine struggles against the net.
You strike the helpless Josephine from behind!
You hit Josephine. You freeze Josephine.
Josephine is heavily wounded.
Josephine struggles against the net.
You hit Josephine. You freeze Josephine.
Josephine is severely wounded.
Josephine struggles against the net.
You sock Josephine! You freeze Josephine.
Josephine is severely wounded.
Josephine casts a spell at you.
The ghostly flame explodes!
The ghostly fireball engulfs you!!
You feel drained.
You die...
Your body crumbles into a pile of gold.

##...#...........######....#
#####...##.....#######.####
#............#.##....##
###......#.............
#.....#####..........
###.#######..#.....[.
###..(..##....####....
#....@...#..### #.....
###..@.......####.....
##..................
##.##......#.......
####..............
####..............
##............[.#[.
#................#.
##.....#......<.##.
#.....##.....[.#..


You could see Josephine (caught).

Vanquished Creatures
  Harold (D:8)
  2 two-headed ogres
  A centaur warrior (D:8)
  A cyclops (D:9)
  A tengu conjurer (D:8)
  9 yaks
  Eustachio (D:5)
  A wyvern (D:9)
  2 steam dragons (D:7)
  A vampire mosquito (D:8)
  A warg (D:9)
  A water moccasin (D:7)
  A black bear (D:8)
  2 orc warriors (D:9)
  An ogre (D:4)
  A wolf (D:10)
  3 centaurs
  A kobold brigand (D:8)
  3 scorpions
  A bullfrog (D:7)
  3 killer bees (D:9)
  5 howler monkeys
  13 wights
  A bullfrog zombie (D:6)
  4 centaur zombies
  2 jellies
  A hound (D:6)
  7 orc priests
  A centaur skeleton (D:4)
  Ijyb (D:4)
  An orc wizard (D:3)
  2 iguanas
  A hound skeleton (D:4)
  A howler monkey zombie (D:9)
  2 river rats (D:6)
  2 adders
  A shadow imp (D:7)
  A white imp (D:8)
  An ufetubus (D:4)
  An adder skeleton (D:4)
  4 worms
  9 dart slugs
  17 orcs
  11 ball pythons
  7 endoplasms
  4 giant cockroaches
  7 goblins
  10 hobgoblins
  3 jackals (D:1)
  5 quokkas
  7 bats
  A frilled lizard (D:3)
  10 kobolds
  3 rats
184 creatures vanquished.

Vanquished Creatures (collateral kills)
  5 yaks
  3 orc warriors
  A sky beast (D:6)
  A black bear (D:10)
  2 wights
  A howler monkey (D:5)
  2 orc wizards
  A howler monkey zombie (D:9)
  4 orcs
  A ball python (D:4)
  A frilled lizard (D:1)
  3 kobolds
  A rat (D:6)
26 creatures vanquished.

Vanquished Creatures (others)
  A wight (D:9)
  A howler monkey (D:7)
  A jelly (D:4)
  4 fungi (D:10)
  16 plants
23 creatures vanquished.

Grand Total: 233 creatures vanquished

Notes
Turn   | Place    | Note
-------+----------+-------------------------------------------
     0 | D:1      | flotson the Demonspawn Gladiator began the quest for the
                  | Orb.
     0 | D:1      | Reached XP level 1. HP: 16/16 MP: 1/1
   222 | D:1      | Found a faded altar of an unknown god.
   242 | D:1      | Gained mutation: You are partially covered in sharp spines.
                  | [demonic ancestry]
   242 | D:1      | Reached XP level 2. HP: 18/22 MP: 2/2
   737 | D:1      | Gained mutation: A weak demonic guardian rushes to your
                  | aid. [demonic ancestry]
   737 | D:1      | Reached XP level 3. HP: 27/28 MP: 3/3
   762 | D:1      | Reached skill level 1 in Armour
  1697 | D:3      | Reached XP level 4. HP: 34/34 MP: 4/4
  2317 | D:3      | Gained mutation: You have sharp fingernails. [demonic
                  | ancestry]
  2317 | D:3      | Reached XP level 5. HP: 32/40 MP: 5/5
  2893 | D:4      | Found an ancient bone altar of Kikubaaqudgha.
  2949 | D:4      | Reached skill level 3 in Fighting
  2953 | D:4      | Found a shadowy altar of Dithmenos.
  2972 | D:4      | Found an iron altar of Okawaru.
  3255 | D:4      | Found a basalt altar of Yredelemnul.
  3283 | D:4      | Noticed Ijyb
  3289 | D:4      | Killed Ijyb
  3290 | D:4      | Gained mutation: A demonic guardian rushes to your aid.
                  | [demonic ancestry]
  3290 | D:4      | Reached XP level 6. HP: 41/47 MP: 6/6
  3987 | D:5      | Entered Level 5 of the Dungeon
  4046 | D:5      | Found Aluy's Antique Weapon Boutique.
  4255 | D:5      | Reached XP level 7. HP: 41/53 MP: 7/7
  4258 | D:5      | Noticed Eustachio
  4287 | D:5      | Killed Eustachio
  4288 | D:5      | Reached skill level 4 in Fighting
  4465 | D:5      | Found a staircase to the Ecumenical Temple.
  4472 | Temple   | Entered the Ecumenical Temple
  4525 | Temple   | Became a worshipper of Gozag Ym Sagoz the Greedy
  4635 | D:5      | Found a burning altar of Makhleb.
  4667 | D:5      | Found a snail-covered altar of Cheibriados.
  4667 | D:5      | Found a hazy altar of Hepliaklqana.
  4667 | D:5      | Found a sparkling altar of Nemelex Xobeh.
  5016 | D:6      | You fall into a shaft and drop 3 floors!
  5121 | D:9      | Found a staircase to the Orcish Mines.
  5155 | D:9      | Noticed a wyvern
  5163 | D:9      | Killed a wyvern
  5164 | D:9      | Gained mutation: You are partially covered in rugged brown
                  | scales. (AC +1, +3% HP) [demonic ancestry]
  5164 | D:9      | Reached XP level 8. HP: 6/62 MP: 8/8
  6126 | D:6      | Found Rapuk's Book Shop.
  6430 | D:7      | Reached skill level 5 in Fighting
  6446 | D:7      | Reached skill level 5 in Axes
  6446 | D:7      | Reached skill level 5 in Dodging
  6808 | D:7      | Reached skill level 5 in Throwing
  7170 | D:8      | Noticed a two-headed ogre
  7180 | D:8      | Killed a two-headed ogre
  7181 | D:8      | Reached skill level 6 in Fighting
  7181 | D:8      | Gained mutation: You have very sharp fingernails. [demonic
                  | ancestry]
  7181 | D:8      | Reached XP level 9. HP: 28/71 MP: 9/9
  7421 | D:8      | Reached skill level 5 in Armour
  8570 | D:8      | Gained mutation: You have claws for hands. [demonic
                  | ancestry]
  8570 | D:8      | Reached XP level 10. HP: 67/79 MP: 10/10
  8807 | D:8      | Noticed Harold
  8845 | D:8      | Killed Harold
  8846 | D:8      | Reached skill level 7 in Fighting
  9223 | D:8      | Noticed a centaur warrior
  9245 | D:8      | Killed a centaur warrior
 10396 | D:9      | Noticed a two-headed ogre
 11232 | D:9      | Found Quz Ymut's Neck Hole.
 11716 | D:9      | HP: 4/82 [orc warrior (24)]
 11940 | D:9      | Noticed a cyclops
 11949 | D:9      | Killed a cyclops
 11950 | D:9      | Gained mutation: A powerful demonic guardian rushes to your
                  | aid. [demonic ancestry]
 11950 | D:9      | Reached XP level 11. HP: 62/88 MP: 11/11
 11959 | D:9      | Killed a two-headed ogre
 11960 | D:9      | Reached skill level 8 in Fighting
 12098 | D:9      | Bought a scarf of shadows for 204 gold pieces
 12576 | D:10     | Entered Level 10 of the Dungeon
 12617 | D:10     | Noticed Josephine
 12969 | D:9      | Killed from afar by Josephine

Illustrated notes

Levels and vault maps discovered:
D:1:      psy_arrival_basics, layout_basic, ebering_ecumenical_altar_sacrificial
D:2:      layout_rooms, kennysheep_generic_room_14
D:3:      layout_loops_corners
D:4:      layout_basic, kennysheep_mini_moat, kiku_gazebo_pond_becter,
          okawaru_ov_weapons_minmay, lemuel_crystal_altar, serial_bayou,
          serial_bayou_shore_b, serial_bayou_ford_a, serial_bayou_shore_b,
          serial_bayou_pond_b, serial_bayou_pond_d, serial_bayou_pond_d,
          kennysheep_generic_room_5, uniq_ijyb
D:5:      layout_basic, gammafunk_temple_overflow_claw, general_overflow_altar,
          minmay_temple_entry_junction, serial_shops, kennysheep_mini,
          uniq_eustachio
D:6:      layout_rooms, gup_sewer_entry_spiral, serial_shops,
          nicolae_lakefront_shop, dk_vineyard_3
D:7:      layout_loops_ring
D:8:      layout_loops_corners, wad_floor_pattern_untrapped, minmay_manual_moon,
          uniq_harold
D:9:      layout_cave_pools, david_orc_1_choice,
          nicolae_shop_sticking_my_neck_out
D:10:     layout_rooms, mainiacjoe_overflow_two_lobes, minmay_lair_entry_grove,
          uniq_josephine
Temple:   nicolae_temple_x_marks_the_god

Skill      XL: |  1  2  3  4  5  6  7  8  9 10 11 |
---------------+----------------------------------+-----
Throwing       | 2 3 4 5 6 7 |  7.5
Armour         | 1 2 3 4 5 6 7 |  7.1
Axes           | 3 4 5 6 7 |  7.7
Dodging        | 3 4 5 6 7 |  7.7
Fighting       | 3 4 6 7 8 |  8.2

Action                   |  1- 3 |  4- 6 |  7- 9 | 10-12 || total
-------------------------+-------+-------+-------+-------++-------
Melee: War axe           |    88 |   108 |   187 |    10 ||   393
       Mace              |       |       |       |   158 ||   158
Throw: Dart              |       |     1 |    21 |    20 ||    42
       Javelin           |       |       |     9 |       ||     9
       Throwing net      |       |       |     4 |     5 ||     9
Evoke: Wand              |       |       |       |    10 ||    10
  Use: Scroll            |       |       |     7 |     1 ||     8
       Potion            |       |       |     1 |       ||     1
 Stab: Sleeping          |     2 |       |       |       ||     2
       Held in net/web   |       |       |     2 |     1 ||     3
       Distracted        |       |       |     2 |     1 ||     3
Armor: Leather armour    |    26 |     6 |       |    35 ||    67
       Scale mail        |       |    24 |   109 |     7 ||   140
Dodge: Dodged            |    68 |    60 |   125 |   129 ||   382

Table legend: (Time is in decaauts)
 A = Elapsed time spent in this place.
 B = Non-inter-level travel time spent in this place.
 C = Inter-level travel time spent in this place.
 D = Time resting spent in this place.
 E = Time spent auto-exploring this place.
 F = Levels seen in this place.
 G = Mean time per level.
                   A        B        C        D        E       F      G
               +--------+--------+--------+--------+--------+-----+--------+
         Total |  13160 |  12772 |    388 |   1646 |   8976 |  11 | 1196.4 |
       Dungeon |  13096 |  12718 |    378 |   1646 |   8935 |  10 | 1309.6 |
        Temple |     63 |     53 |     10 |      0 |     41 |   1 |   63.0 |
               +--------+--------+--------+--------+--------+-----+--------+

Top non-repeatable levels by time:
     D:8: 2812 daAuts
     D:9: 2746 daAuts
     D:7: 1671 daAuts
     D:4: 1191 daAuts
     D:1: 1184 daAuts
     D:3: 1183 daAuts
     D:6: 886 daAuts
     D:5: 849 daAuts
     D:2: 496 daAuts
    D:10: 74 daAuts
  Temple: 63 daAuts
